 Dungeon Crawl Stone Soup version 0.16-a0-3691-gf72e470 (webtiles) character file.

4 Gorice the Grave Robber (level 1, 0/14 HPs)
             Began as a Demigod Wanderer on Jan 18, 2015.
             Slain by a hobgoblin (3 damage)
             ... on level 1 of the Dungeon.
             The game lasted 00:02:37 (159 turns).

Gorice the Grave Robber (Demigod Wanderer)           Turns: 159, Time: 00:02:38

Health: 0/14       AC:  2    Str: 15    XL:     1   Next: 46%
Magic:  2/4        EV: 11    Int: 17    God:
Gold:   21         SH:  0    Dex: 14    Spells: 1 memorised, 4 levels left

rFire  . . .     SeeInvis .     d - +0 blowgun
rCold  . . .     Clarity  .     e - +0 robe
rNeg   + . .     SustAb   +     (no shield)
rPois  .         Gourm    .     (no helmet)
rElec  .         Spirit   .     (no cloak)
rCorr  .         Warding  .     (no gloves)
rMut   .         Stasis   .     (no boots)
MR     .....                    (no amulet)
Stlth  +.........               n - ring of sustain abilities (curse)
                                i - ring of positive energy

@: not resistant to hostile enchantments, very unstealthy
A: sustain abilities
a: no special abilities


You were on level 1 of the Dungeon.
You were not hungry.

You visited 1 branch of the dungeon, and saw 1 of its levels.

You collected 21 gold pieces.

Inventory:

Hand weapons
 d - a +0 blowgun (weapon)
 m - a +0 dagger
Missiles
 c - 11 poisoned needles (quivered)
 j - 18 arrows of flame
 o - 20 sling bullets
 Z - a stone
Armour
 e - a +0 robe (worn)
Jewellery
 i - a ring of positive energy (left hand)
 n - a cursed ring of sustain abilities (right hand)
Scrolls
 l - a scroll of identify {unknown}
 p - a scroll of blinking {unknown}
Potions
 g - a potion of magic {unknown}
 k - a potion of ambrosia {unknown}
Books
 a - a book of Necromancy
 b - the Almanac of a Thousand Wishes

   Spells                             Type                      Level
   a - Summon Butterflies             Summoning                    1
   b - Abjuration                     Summoning                    3
Comestibles
 f - a bread ration
 h - 3 chunks of flesh


   Skills:
 - Level 1.0 Throwing
 + Level 2.7 Spellcasting
   Level 1.7 Hexes
 * Level 3.0 Necromancy
   Level 1.0 Evocations


You had 4 spell levels left.
You knew the following spells:

 Your Spells              Type           Power        Failure   Level  Hunger
a - Pain                  Necr           ##..         6%          1    #......


Dungeon Overview and Level Annotations

Branches:
Dungeon (1/15)


Innate Abilities, Weirdness & Mutations

Your attributes are resistant to harm.


Message History

Aiming: Pain
Press: ? - help, Shift-Dir - straight line, f - hobgoblin
Aim: a hobgoblin (chance 83%)
The hobgoblin barely resists.
The hobgoblin barely misses you.
Casting: Pain
Confirm with . or Enter, or press ? or * to list all spells.
Aiming: Pain
Press: ? - help, Shift-Dir - straight line, f/p - hobgoblin
Aim: a hobgoblin (chance 83%)
The hobgoblin convulses in agony!
The hobgoblin hits you.
* * * LOW HITPOINT WARNING * * *
Unknown command.
Firing (i - inventory. (,) - cycle):
c - 12 poisoned needles (quivered)
Press: ? - help, Shift-Dir - straight line, f/p - hobgoblin
Aim: a hobgoblin (moderately wounded)
You shoot a poisoned needle. The poisoned needle hits the hobgoblin!
The hobgoblin is poisoned.
The hobgoblin is moderately wounded.
The hobgoblin hits you.
You die...

#.#..#...# #.#
#####+#..#...# .#
#............#
#............###
##................
.........###.###..
.........#.....# .
.........#g....#..
.........@...>....
#.......#.....#..
#####+#.#.....#
#.###.### #.. ...
#.. ... ..+ . ###


You could see a hobgoblin.

Vanquished Creatures
  2 hobgoblins (D:1)
  A bat (D:1)
  2 kobolds (D:1)
5 creatures vanquished.

Notes
Turn   | Place    | Note
--------------------------------------------------------------
     0 | D:1      | Gorice, the Demigod Wanderer, began the quest for the Orb.
     0 | D:1      | Gorice set off with: a book of Necromancy, the Almanac of a Thousand Wishes, 12 poisoned needles, a +0 blowgun, a +0 robe, a bread ration
     0 | D:1      | Reached XP level 1. HP: 14/14 MP: 4/4
     0 | D:1      | Identified the Almanac of a Thousand Wishes
     2 | D:1      | Learned a level 1 spell: Pain
   113 | D:1      | Reached skill level 3 in Necromancy
   159 | D:1      | Slain by a hobgoblin

Action                   || total
-------------------------++-------
 Fire: Blowgun           ||     6
 Cast: Pain              ||    10

Table legend:
 A = Turns spent in this place as a percentage of turns spent in the entire game.
 B = Non-inter-level travel turns spent in this place as a percentage of non-inter-level travel turns spent in the entire game.
 C = Inter-level travel turns spent in this place as a percentage of turns spent in this place.
 D = Turns resting spent in this place as a percentage of non-inter-level travel turns spent in this place.
 E = Turns spent auto-exploring this place as a percentage of non-inter-level travel turns spent in this place.
 F = Non-inter-level travel turns spent in this place divided by the number of levels of this place that you've seen.
                   A       B       C       D       E      F
               +-------+-------+-------+-------+-------+----------------------
         Total | 100.0 | 100.0 |   0.0 |   0.0 |   4.8 | 104.0
       Dungeon | 100.0 | 100.0 |   0.0 |   0.0 |   4.8 | 104.0
               +-------+-------+-------+-------+-------+----------------------

Vault maps used:
D:1:      dpeg_arrival_lava_altar, grunt_decor_cap, nrook_loot_triangle,
          st_stairs_3
